Map: Neon Violet Square LE

Players

Jabicho

  • Race: Zerg Zerg
  • League: Silver
  • Spawn Location: 5:00

Infamous - Winner!

  • Race: Protoss Protoss
  • League: Silver
  • Spawn Location: 11:00

VOD

Have the link to the VOD?

Description

Time

  • Played on: March 20, 2018, 11:36 a.m.
  • Length: 18:23
Show
View Real Time Build Order
Export as new Build Order

Jabicho Zerg 

Build Orders: Hatch First 

Get SALT Encoding   

  12  0:01  Drone  
  13  0:21  Drone  
  14  0:35  Overlord x2  
  14  0:36  Overlord  
  14  0:54  Drone  
  15  0:58  Drone  
  16  1:09  Hatchery  
  15  1:13  Drone  
  16  1:29  Spawning Pool  
  15  1:51  Drone x3  
  18  2:13  Hatchery  
  17  2:18  Zergling x4  
  19  2:23  Queen  
  19  2:29  Drone  
  22  2:38  Zergling x4  
  24  2:45  Spore Crawler  
  24  2:49  Zergling x2  
  24  2:53  Queen  
  26  3:00  Drone x2  
  28  3:11  Extractor  
  27  3:16  Drone x2  
  29  3:24  Zergling x4  
  29  3:25  Zergling x2  
  32  3:28  Extractor, Drone  
  32  3:39  Zergling x2  
  32  3:40  Zergling x4  
  35  3:44  Drone x3  
  35  3:47  Drone x2  
  40  3:58  Zergling x4  
  42  4:03  Drone  
  42  4:06  Drone x2  
  45  4:20  Spore Crawler  
  44  4:25  Drone x3, Evolution Chamber  
  44  4:31  Drone  
  47  4:32  Drone  
  47  4:33  Zergling x2  
  49  4:42  Lair  
  49  4:43  Drone  
  50  4:49  Overlord  
  50  4:56  Evolution Chamber  
  49  5:00  Spore Crawler  
  48  5:08  Drone x5  
  48  5:09  Drone  
  48  5:12  Overlord  
  48  5:14  Overlord  
  54  5:23  Zergling x6  
  54  5:26  Drone  
  58  5:31  Drone x2  
  60  5:36  Extractor  
  60  5:39  Extractor  
  60  5:40  Drone  
  60  5:41  Overlord  
  59  5:50  Evolution Chamber  
  59  5:53  Infestation Pit  
  57  5:58  Zergling x2, Hydralisk Den  
  57  5:59  Zergling x2  
  58  6:08  Drone x2  
  58  6:09  Queen  
  62  6:18  Zerg Ground Armor Level 1, Zerg Missile Weapons Level 1  
  62  6:19  Zerg Melee Weapons Level 1  
  62  6:21  Zergling x4  
  64  6:29  Pneumatized Carapace  
  64  6:32  Drone x2  
  66  6:39  Drone x2  
  69  6:40  Drone  
  69  6:45  Burrow  
  69  6:49  Hydralisk x3  
  75  7:00  Spine Crawler  
  75  7:01  Drone  
  75  7:04  Spine Crawler  
  75  7:05  Drone x2  
  76  7:24  Hydralisk x2  
  76  7:27  Hydralisk  
  82  7:36  Overlord  
  82  7:44  Overlord  
  82  7:45  Overlord x2  
  82  7:47  Hatchery  
  81  7:57  Metabolic Boost  
  81  8:01  Hydralisk x2  
  81  8:03  Drone x4  
  81  8:04  Drone x2  
  91  8:11  Spore Crawler  
  90  8:16  Spine Crawler  
  89  8:31  Hydralisk  
  89  8:32  Hydralisk x2  
  95  8:37  Overlord x3  
  95  8:45  Zerg Missile Weapons Level 2  
  95  8:57  Extractor  
  95  8:58  Extractor  
  93  9:04  Overseer  
  93  9:13  Drone x3  
  93  9:16  Hydralisk x3  
  102  9:20  Hive  
  102  9:22  Muscular Augments  
  102  9:24  Drone x3  
  105  9:39  Overseer  
  105  9:46  Overseer  
  105  10:31  Hydralisk  
  105  10:32  Hydralisk x2  
  105  10:35  Hydralisk x7  
  115  10:36  Hydralisk x4  
  133  11:01  Zerg Ground Armor Level 2  
  133  11:02  Drone x3  
  136  11:07  Adrenal Glands  
  136  11:15  Spine Crawler  
  135  11:19  Drone x3  
  117  11:42  Drone x3  
  117  12:04  Zergling x8  
  117  12:05  Zergling x2  
  122  12:18  Grooved Spines  
  122  12:19  Spine Crawler  
  121  12:26  Roach Warren  
  120  12:31  Baneling Nest  
  74  13:06  Drone x3  
  74  13:08  Hydralisk x3  
  74  13:11  Roach x3  
  75  13:14  Roach x3  
  75  13:17  Drone x3  
  72  13:23  Spine Crawler  
  72  13:24  Spine Crawler  
  56  13:39  Ravager x3  
  50  13:48  Drone x2  
  46  13:56  Drone  
  46  14:02  Spawning Pool  
  39  14:30  Drone x3  
  42  14:47  Hatchery  
  41  15:07  Hatchery  
  41  15:08  Zergling x10  
  41  15:09  Zergling x10  
  41  15:10  Zergling x2  
  51  15:15  Drone  
  50  15:40  Zergling x6  
  53  15:46  Drone  
  53  15:49  Queen  
  50  15:56  Queen  
  34  16:15  Zergling x6, Hatchery  
  34  16:16  Drone  
  32  16:20  Drone  
  33  16:32  Hatchery  
  32  16:40  Drone  
  33  16:58  Drone x3  
  32  17:11  Drone  
  16  17:19  Spawning Pool  
  3  17:48  Hatchery  
  2  17:54  Drone  
Show
View Real Time Build Order
Export as new Build Order

Infamous Protoss - Winner!

Build Orders:  

Get SALT Encoding   

  12  0:01  Probe  
  14  0:14  Probe  
  14  0:19  Pylon  
  14  0:26  Probe  
  15  0:38  Gateway  
  15  0:40  Probe (Chrono Boost)  
  16  0:52  Probe (Chrono Boost)  
  16  0:53  Assimilator  
  17  0:57  Probe (Chrono Boost)  
  18  1:18  Probe  
  19  1:26  Pylon  
  19  1:28  Cybernetics Core, Zealot (Chrono Boost)  
  21  1:42  Probe  
  22  1:51  Assimilator  
  22  1:58  Assimilator  
  22  2:01  Probe, Warp Gate (Chrono Boost)  
  23  2:14  Assimilator  
  23  2:15  Probe  
  24  2:17  Pylon  
  24  2:22  Stalker  
  26  2:29  Probe  
  27  2:50  Probe  
  28  2:52  Robotics Facility  
  28  2:58  Gateway x2  
  28  3:07  Probe  
  29  3:16  Twilight Council  
  29  3:19  Probe  
  30  3:41  Stargate  
  30  3:49  Observer  
  30  3:54  Probe  
  32  3:59  Zealot x3  
  38  4:15  Twilight Council  
  38  4:22  Pylon  
  38  4:28  Probe  
  39  4:40  Immortal  
  43  4:47  Pylon  
  43  4:49  Nexus  
  43  4:52  Sentry  
  45  5:31  Gateway  
  45  5:32  Gateway  
  45  5:36  Gateway  
  45  5:42  Pylon  
  45  5:47  Immortal  
  49  5:58  Templar Archives  
  49  6:01  Probe x2 (Chrono Boost)  
  51  6:13  Probe (Chrono Boost)  
  51  6:14  Probe (Chrono Boost)  
  53  6:21  Pylon  
  53  6:25  Stalker x2  
  53  6:26  Forge  
  53  6:28  Forge  
  53  6:29  Sentry  
  59  6:38  Zealot x2  
  63  6:57  Protoss Ground Armor Level 1 (Chrono Boost)  
  63  7:00  Protoss Ground Weapons Level 1 (Chrono Boost)  
  63  7:11  Probe x2  
  63  7:14  Assimilator  
  65  7:23  Probe x2  
  65  7:24  Immortal  
  65  7:27  Gateway x2  
  71  7:45  Charge (Chrono Boost)  
  71  7:46  Zealot x2  
  71  7:47  Zealot x4  
  82  8:12  Robotics Bay  
  82  8:22  Zealot  
  82  8:23  Zealot  
  86  8:33  Assimilator  
  86  8:47  Protoss Ground Weapons Level 2 (Chrono Boost)  
  86  8:50  Nexus  
  86  8:52  Pylon  
  86  8:54  Pylon  
  86  8:57  Pylon  
  86  9:10  Colossus  
  86  9:11  Probe x2  
  94  9:18  Pylon  
  94  9:21  Pylon  
  94  9:26  Pylon  
  94  9:31  High Templar x2  
  98  9:33  Zealot x2  
  102  9:41  Archon  
  102  9:46  High Templar  
  102  9:48  Zealot x2  
  108  10:09  High Templar  
  110  10:30  High Templar  
  110  10:31  High Templar  
  110  10:35  Archon  
  114  10:40  Probe (Chrono Boost)  
  114  10:42  Probe (Chrono Boost)  
  116  10:44  Protoss Ground Armor Level 2 (Chrono Boost)  
  116  10:45  Probe (Chrono Boost)  
  117  10:52  Probe (Chrono Boost), Void Ray  
  117  10:53  Probe (Chrono Boost)  
  117  10:54  Probe (Chrono Boost)  
  124  11:16  Sentry x2  
  124  11:17  Stalker  
  130  11:18  Zealot  
  130  11:19  Zealot x4  
  140  11:49  Probe  
  140  11:50  Probe x2  
  140  11:51  Sentry x2  
  140  11:52  High Templar  
  149  12:13  Archon  
  149  12:21  Assimilator  
  149  12:22  Protoss Ground Weapons Level 3 (Chrono Boost)  
  149  12:24  Assimilator  
  149  12:49  Probe x2  
  149  12:50  Probe  
  149  12:51  Colossus  
  122  13:01  Probe x2  
  122  13:02  Probe  
  107  13:06  Stalker  
  107  13:07  Stalker x5  
  107  13:08  Stalker x2  
  121  13:13  Probe  
  122  13:32  High Templar x2  
  120  13:34  Zealot x4  
  120  13:35  Zealot x2  
  128  13:55  Zealot  
  128  13:56  Zealot x5  
  140  14:11  High Templar x2  
  144  14:20  Archon  
  144  14:21  Archon  
  138  14:44  Sentry x2  
  138  14:45  Sentry x3  
  148  15:19  Pylon  
  148  15:21  Pylon  
  148  15:22  Pylon  
  148  15:48  Stalker x2  
  148  15:49  Stalker x4  
  150  15:50  Stalker x2  
  151  16:12  Zealot x2  
  151  16:13  Zealot x5  
Tags
 
Add a new tag
Caveats
  • Supply blocks, unpowered buildings, or Contaminate may cause inaccurate times.
  • Supply counts are checked every 10 seconds.